AoeStats
← Knuh

Arabia

509580679Analyzed
2v2 RM · 4d ago on Sep 27, 2026· 13m 22s· 4 players
Game mode
Random Map
Map size
Medium (4 player)
Population
200
Speed
Normal
Resources
Standard
Victory
Conquest
Starting age
Dark Age
Ending age
Imperial Age
RankedLock teamsTeams togetherTeam positionsShared explorationLock speedFull tech treeHidden civsTurbo modeCheats
Victory
Defeat
🇧🇪 Danes · Belgium
1076
+13
🇩🇪 Lithuanians · Germany
1059
+14
🇷🇸 Ethiopians · Serbia
1019
-13
🇩🇪 Cumans · Germany
1013
-14
Smiley
2:03 Loom
10:35 Feudal Age
11:07 Double-Bit Axe
Thoth
7:51 Loom
10:11 Feudal Age
11:09 Double-Bit Axe
12:34 Gold Mining
Knuh
7:07 Loom
9:35 Feudal Age
9:49 Man-at-Arms
10:15 Arson
Wichtel
6:38 Loom
8:56 Feudal Age
10:21 Double-Bit Axe
11:32 Town Watch
Connection lost

Rejoining the realm…

Still unreachable

The connection could not be restored.

Session expired

The server has moved on; the page needs a fresh start.